 Dungeon Crawl Stone Soup version 0.29.1-1-gd02db6906a (webtiles) character file.

Game seed: 2730951375162824565

1241 LustLizard the Sneak (level 8, -1/40 HPs)
             Began as a Spriggan Hunter on Oct 12, 2022.
             Was an Initiate of Dithmenos.
             Slain by a hound (4 damage)
             ... on level 7 of the Dungeon.
             The game lasted 00:10:44 (6276 turns).

LustLizard the Sneak (Spriggan Hunter)              Turns: 6276, Time: 00:10:45

Health: -1/40      AC:  6    Str: 13    XL:     8   Next: 25%
Magic:  9/9        EV: 21    Int: 10    God:    Dithmenos [......]
Gold:   338        SH:  0    Dex: 21    Spells: 4/7 levels left

rFire   . . .      SeeInvis +   a - +0 shortbow
rCold   . . .      Faith    .   (shield currently unavailable)
rNeg    . . .      Spirit   .   c - +0 robe
rPois   .          Reflect  .   (helmet restricted)
rElec   .          Harm     .   (no cloak)
rCorr   .          Rampage  .   (gloves unavailable)
Will    +....                   (boots unavailable)
Stlth   ++++......              (no amulet)
HPRegen 0.13/turn               k - +4 ring of protection
MPRegen 0.11/turn               q - +6 ring of strength

@: very quick
A: very small, no large weapons, unfitting armour, see invisible, speed 3
a: Renounce Religion


You were on level 7 of the Dungeon.
You worshipped Dithmenos.
Dithmenos was noncommittal.
You visited 2 branches of the dungeon, and saw 8 of its levels.

You collected 338 gold pieces.

Inventory:

Hand Weapons
 a - a +0 shortbow (weapon)
Armour
 c - a +0 robe (worn)
Jewellery
 k - a +4 ring of protection (left hand)
 q - a +6 ring of strength (right hand)
 t - a +6 ring of intelligence
 v - a ring of ice
Wands
 n - a wand of roots (19)
 y - a wand of flame (16)
Scrolls
 b - 3 scrolls of immolation
 d - 2 scrolls of vulnerability {unknown}
 l - 3 scrolls of teleportation
 o - 2 scrolls of magic mapping {unknown}
 r - a scroll of amnesia
 w - a scroll of torment
 x - 2 scrolls of enchant weapon {unknown}
Potions
 e - a potion of brilliance
 f - 3 potions of attraction
 g - 2 potions of resistance
 h - a potion of lignification
 i - a potion of magic
 j - 3 potions of heal wounds
 m - 4 potions of curing
 p - a potion of degeneration
 s - a potion of haste
 u - a potion of berserk rage
 z - a potion of ambrosia {unknown}
 A - 2 potions of mutation {unknown}


   Skills:
 + Level 3.2 Fighting
 * Level 6.5 Ranged Weapons
 + Level 5.3 Dodging
 * Level 7.9 Stealth
 + Level 1.7 Conjurations
 - Level 2.0 Air Magic
 + Level 2.4 Poison Magic


You had 4 spell levels left.
You knew the following spells:

 Your Spells              Type           Power      Damage    Failure   Level
a - Mephitic Cloud        Conj/Pois/Air  4%         N/A       45%         3

Your spell library contained the following spells:

 Spells                   Type           Power      Damage    Failure   Level
 Magic Dart               Conj           12%        1d3       19%         1
 Searing Ray              Conj           6%         2d4       28%         2
 Freeze                   Ice            0%         1d3       36%         1
 Necrotise                Necr           0%         1d4       36%         1
 Call Imp                 Summ           0%         N/A       50%         2
 Vampiric Draining        Necr           0%         2d6       75%         3
 Fulminant Prism          Conj/Hex       0%         3d6       95%         4
 Agony                    Necr           0%         N/A       100%        5


Dungeon Overview and Level Annotations

Branches:
Dungeon (7/15)             Temple (1/1) D:7

Altars:
Dithmenos
Elyvilon
Fedhas
Nemelex Xobeh
Qazlal
Trog
Uskayaw
Vehumet
Wu Jian

Shops:
D:1 :   D:2 [   D:3 (

Portals:
Ossuary: D:7

Annotations:
D:5 0gre's ghost, novice GnIE; RascalDebosk's ghost, novice DECj; experimilk's ghost, novice PaFi
D:7 2 runed translucent doors


Innate Abilities, Weirdness & Mutations

You are very small and have problems with some larger weapons.
You are too small for most types of armour.
You have supernaturally acute eyesight. (SInv)
You cover ground extremely quickly. (Speed+++)


Message History

Press: ? - help, Q - select action, (/) - cycle Shift-Dir - straight line, f/p - mummy
Aim: a mummy (moderately damaged, 79% to hit)
You shoot an arrow. The arrow hits the mummy.
The mummy is heavily damaged.
The gnoll bouda barely misses you.
Things that are here:
a +0 spear; a gnoll corpse The gnoll bouda gazes fiercely through you!
You feel your attacks grow feeble.
Fire: a) +0 shortbow
Press: ? - help, Q - select action, (/) - cycle Shift-Dir - straight line, f/p - mummy
Aim: a mummy (heavily damaged, 79% to hit)
You shoot an arrow.
The arrow hits the gnoll bouda but does no damage.
Unknown command.
Fire: a) +0 shortbow
Press: ? - help, Q - select action, (/) - cycle Shift-Dir - straight line, f/p - mummy
Aim: a mummy (heavily damaged, 79% to hit)
You shoot an arrow.
The arrow completely misses the gnoll bouda.
The arrow hits the mummy but does no damage.
The mummy is heavily damaged.
Fire: a) +0 shortbow
Press: ? - help, Q - select action, (/) - cycle Shift-Dir - straight line, f/p - mummy
Aim: a mummy (heavily damaged, 79% to hit)
You shoot an arrow. The arrow hits the gnoll bouda.
The gnoll bouda is moderately wounded.
You hear a bark!
The gnoll bouda closely misses you.
The gnoll bouda hits you with a +0 club!
* * * LOW HITPOINT WARNING * * *
Really attack while wielding your +0 shortbow? [Y]es or [N]o only, please.
Really attack while wielding your +0 shortbow? [Y]es or [N]o only, please.
Really attack while wielding your +0 shortbow?
Okay, then.
Your attacks no longer feel as feeble.
The hound bites you.
You die...

#.###..#...###g...##.
#.###......'∩##...#
#.##...#...###..#.#
#.##.g.##..##...# #
#.###..###.#..#...#
#..#..M'.##..####.#
##..#.g###g.## .#
##.#..##g.## #
#..@h#..##
###.....#####.# ####
#...#.......###...
##.###..######..# ###
##..# #.....
#.###....##
#.....#... #..##...##
#..###..#


You could see a gnoll bouda, a mummy, a hound and a gnoll.

Vanquished Creatures
  A black bear (D:7)
  An ice beast (D:6)
  2 ogres
  A centaur (D:6)
  A kobold brigand (D:7)
  A bullfrog (D:7)
  A gnoll sergeant (D:6)
  2 scorpions (D:5)
  A howler monkey (D:5)
  A jelly (D:5)
  2 hounds
  An orc priest (D:3)
  3 iguanas (D:5)
  Terence (D:3)
  An orc wizard (D:4)
  4 adders
  7 gnolls
  A shadow imp (D:6)
  A white imp (D:5)
  2 worms (D:2)
  A dart slug (D:1)
  5 orcs
  6 endoplasms
  8 giant cockroaches
  5 goblins
  4 hobgoblins
  5 jackals (D:4)
  3 quokkas
  11 ball pythons
  5 bats
  2 frilled lizards
  A goblin zombie (D:7)
  11 kobolds
  An orc zombie (D:7)
  5 rats
108 creatures vanquished.

Notes
Turn   | Place    | Note
-------+----------+-------------------------------------------
     0 | D:1      | LustLizard the Spriggan Hunter began the quest for the Orb.
     0 | D:1      | Reached XP level 1. HP: 10/10 MP: 2/2
   186 | D:1      | Found Qeeggiak's Book Shoppe.
   230 | D:1      | Reached skill level 2 in Stealth
   253 | D:1      | Reached XP level 2. HP: 15/15 MP: 3/3
   280 | D:1      | Found a faded altar of an unknown god.
   388 | D:1      | Got Plato's Tome of Rime
   857 | D:1      | Reached skill level 3 in Stealth
  1109 | D:2      | Reached XP level 3. HP: 18/18 MP: 4/4
  1235 | D:2      | Found Fiathofe's Antique Armour Shoppe.
  1488 | D:3      | Reached XP level 4. HP: 23/23 MP: 5/5
  1579 | D:3      | Found Memnosog's Antique Weapon Emporium.
  2034 | D:3      | Noticed Terence
  2073 | D:3      | Killed Terence
  2074 | D:3      | Reached skill level 4 in Stealth
  2465 | D:4      | Reached skill level 5 in Ranged Weapons
  2489 | D:3      | Reached XP level 5. HP: 26/26 MP: 6/6
  2741 | D:4      | Found a hide-covered altar of Uskayaw.
  2744 | D:4      | Found a white marble altar of Elyvilon.
  3076 | D:4      | Reached skill level 5 in Stealth
  3230 | D:4      | Learned a level 3 spell: Mephitic Cloud
  3247 | D:5      | Entered Level 5 of the Dungeon
  3293 | D:5      | Reached XP level 6. HP: 16/32 MP: 7/7
  3501 | D:5      | Reached skill level 1 in Poison Magic
  3508 | D:5      | Reached skill level 6 in Stealth
  3508 | D:5      | Reached skill level 1 in Air Magic
  3516 | D:5      | Reached XP level 7. HP: 35/35 MP: 8/8
  3667 | D:5      | Found a runed translucent gate.
  3668 | D:5      | Found a runed translucent gate.
  3668 | D:5      | Found a runed translucent gate.
  3672 | D:5      | Noticed experimilk's ghost (novice PaFi)
  3672 | D:5      | Noticed RascalDebosk's ghost (novice DECj)
  3673 | D:5      | Noticed 0gre's ghost (novice GnIE)
  3688 | D:5      | Reached skill level 1 in Conjurations
  5478 | D:6      | Reached skill level 7 in Stealth
  5886 | D:7      | Reached skill level 5 in Dodging
  5886 | D:7      | Reached XP level 8. HP: 36/40 MP: 9/9
  5967 | D:7      | Found a staircase to the Ecumenical Temple.
  5977 | Temple   | Entered the Ecumenical Temple
  5987 | Temple   | Became a worshipper of Dithmenos the Shadowed
  6054 | D:7      | Found a runed translucent gate.
  6054 | D:7      | Noticed a slime creature
  6055 | D:7      | Found a runed translucent gate.
  6259 | D:7      | Found a sand-covered staircase.
  6276 | D:7      | Slain by a hound

Illustrated notes

Levels and vault maps discovered:
D:1:      minmay_arrival_split_and_join, layout_basic,
          shapermc_ecumenical_altar_rom_forum, serial_shops, shop,
          minmay_distorted
D:2:      layout_rooms, serial_shops, shop_statue, st_stairs_12
D:3:      layout_basic, serial_shops, nicolae_shop_overgrown_old_shop, hex_tiny,
          uniq_terence
D:4:      layout_loops_ring, nicolae_overflow_squiral
D:5:      layout_loops_ring, gammafunk_ghost_cemetery
D:6:      layout_basic, uniq_maggie
D:7:      layout_cave_pods, marbit_many_paths, minmay_temple_entry_slanted,
          gammafunk_ghost_split, nicolae_ossuary_entry_giza, enter_bailey_3,
          uniq_menkaure
Temple:   regret_index_temple_chain_breaker

Skill      XL: |  1  2  3  4  5  6  7 |
---------------+----------------------+-----
Stealth        | 2 3 4 5 6 7 |  7.9
Dodging        | 3 4 5 |  5.3
Fighting       | 2 3 |  3.2
Ranged Weapons | 5 6 |  6.5
Poison Magic   | 1 2 |  2.4
Air Magic      | 1 2 |  2.0
Conjurations   | 1 |  1.7

Action                   |  1- 3 |  4- 6 |  7- 9 || total
-------------------------+-------+-------+-------++-------
 Fire: Shortbow          |   104 |   170 |   183 ||   457
  Use: Scroll            |     6 |     4 |     4 ||    14
Armor: Robe              |     7 |    12 |     7 ||    26
Dodge: Dodged            |    43 |    55 |    72 ||   170
